 Dungeon Crawl Stone Soup version 0.31-a0-1019-g3dd9dd1025 (webtiles) character file.

Game seed: 15744383780992140605

7210 BinkBink the Blocker (level 10, -2/141 HPs)
             Began as a Minotaur Fighter on Nov 17, 2023.
             Was a Priest of Qazlal.
             Succumbed to Amaemon's curare
             ... on level 10 of the Dungeon.
             The game lasted 00:10:28 (10269 turns).

BinkBink the Blocker (Minotaur Fighter)            Turns: 10269, Time: 00:10:28

Health: -2/141     AC: 18    Str: 25    XL:     10   Next: 87%
Magic:  3/9        EV:  7    Int:  5    God:    Qazlal [***...]
Gold:   369        SH: 11    Dex: 16    Spells: 9/9 levels left

rFire   . . .        a - +0 war axe
rCold   . . .        c - +0 buckler
rNeg    . . .        F - +0 plate armour
rPois   .            (helmet restricted)
rElec   .            (no cloak)
rCorr   .            l - +0 pair of gloves
SInv    .            i - +1 pair of boots
Will    .....        y - amulet of guardian spirit Stlth
                     p - +6 ring of dexterity
HPRegen 0.43/turn    (no ring)
MPRegen 0.11/turn

%: guardian spirit
@: berserking, lethally poisoned (-2 -> -91), slowed
A: horns 2, retaliatory headbutt
a: Renounce Religion, Upheaval, Elemental Force


You were on level 10 of the Dungeon.
You worshipped Qazlal.
Qazlal was most pleased with you.
You visited 1 branch of the dungeon, and saw 10 of its levels.

You collected 547 gold pieces.
You spent 178 gold pieces at shops.

Inventory:

Hand Weapons
 a - a +0 war axe (weapon)
 z - a +0 hand axe
Armour
 c - a +0 buckler (worn)
 i - a +1 pair of boots (worn)
 l - a +0 pair of gloves (worn)
 F - a +0 plate armour (worn)
Jewellery
 p - a +6 ring of dexterity (left hand)
 y - an amulet of guardian spirit (around neck)
 G - a ring of ice
 H - an amulet of faith
 L - a ring of resist corrosion
 M - an amulet of the acrobat
 O - a ring of magical power
Wands
 v - a wand of polymorph (15)
 B - a wand of flame (34) (quivered)
 I - a wand of charming (4)
 J - a wand of light (3)
Scrolls
 e - a scroll of revelation {unknown}
 f - a scroll of fog {unknown}
 g - 18 scrolls of identify {unknown}
 h - a scroll of enchant weapon {unknown}
 n - a scroll of immolation {unknown}
 q - 4 scrolls of blinking {unknown}
 r - 3 scrolls of noise {unknown}
 s - 3 scrolls of amnesia {unknown}
 u - 2 scrolls of butterflies {unknown}
 w - a scroll of brand weapon {unknown}
 C - a scroll of teleportation {unknown}
 D - a scroll of enchant armour {unknown}
 N - a scroll of fear {unknown}
Potions
 b - a potion of resistance {unknown}
 d - 2 potions of might
 j - 4 potions of berserk rage
 k - 4 potions of curing {unknown}
 m - 2 potions of attraction {unknown}
 o - 2 potions of haste {unknown}
 t - 3 potions of heal wounds {unknown}
 x - a potion of brilliance {unknown}
 A - 4 potions of mutation {unknown}
 E - a potion of enlightenment {unknown}
 K - a potion of lignification {unknown}


   Skills:
 + Level 10.7 Fighting
 + Level 10.3 Axes
 + Level 10.7 Armour
 + Level 10.7 Shields


You had 9 spell levels left.
You didn't know any spells.
Your spell library contained the following spells:

 Spells                   Type           Power      Damage    Failure   Level
 Freeze                   Ice            0%         1d3       99%         1
 Necrotise                Necr           0%         1d4       99%         1
 Slow                     Hex            0%         N/A       99%         1
 Ensorcelled Hibernation  Hex/Ice        0%         N/A       100%        2
 Jinxbite                 Hex            0%         N/A       100%        2
 Call Canine Familiar     Summ           0%         N/A       100%        3
 Confusing Touch          Hex            0%         N/A       100%        3
 Frozen Ramparts          Ice            0%         1d1       100%        3
 Hailstorm                Conj/Ice       0%         3d3       100%        3
 Mephitic Cloud           Conj/Pois/Air  0%         N/A       100%        3
 Sigil of Binding         Hex            0%         N/A       100%        3
 Tukima's Dance           Hex            0%         N/A       100%        3
 Vampiric Draining        Necr           0%         2d6       100%        3
 Airstrike                Air            0%         2d(0-16)  100%        4
 Anguish                  Hex/Necr       0%         N/A       100%        4
 Dimensional Bullseye     Hex/Tloc       0%         N/A       100%        4
 Iskenderun's Mystic Bla  Conj/Tloc      0%         2d3       100%        4
 Leda's Liquefaction      Hex/Erth       0%         N/A       100%        4
 Vhi's Electric Charge    Tloc/Air       0%         N/A       100%        4
 Agony                    Necr           0%         N/A       100%        5
 Arcjolt                  Conj/Air       0%         1d10      100%        5
 Silence                  Hex/Air        0%         N/A       100%        5
 Plasma Beam              Fire/Air       0%         2x1d10    100%        6
 Haunt                    Necr/Summ      0%         N/A       100%        7
 Borgnjor's Revivificati  Necr           0%         N/A       100%        8
 Death's Door             Necr           0%         N/A       100%        9


Dungeon Overview and Level Annotations

Branches:
Dungeon (10/15)            Temple (0/1) D:7            Lair (0/5) D:9
    Orc: D:9-12

Altars:
Ashenzari
Cheibriados
Elyvilon
Fedhas
Gozag
Hepliaklqana
Makhleb
Nemelex Xobeh
Qazlal
Ru
Trog
Vehumet
Wu Jian
Zin

Shops:
D:7 *

Annotations:
D:6 2 transporters, Persimmon's ghost, novice DECj
D:10 Amaemon


Innate Abilities, Weirdness & Mutations

You have a pair of horns on your head.
You reflexively headbutt those who attack you in melee.


Message History

You feel extremely sick.
Amaemon is engulfed in freezing vapours.
You block Amaemon's attack. x2
Amaemon tail-slaps you but does no damage.
The orange demon stings you but does no damage.
Amaemon is engulfed in freezing vapours.
Amaemon casts a spell.
You slice Amaemon!! Your headbutt misses Amaemon.
Amaemon is heavily wounded.
* * * LOW HITPOINT WARNING * * *
You feel extremely sick. You block the orange demon's attack.
Amaemon is engulfed in freezing vapours.
Amaemon closely misses you. You block Amaemon's attack.
Amaemon barely misses you.
The orange demon stings you but does no damage.
It was a potion of berserk rage.
A red film seems to cover your vision as you go berserk!
You feel yourself moving faster!
You feel mighty!
* * * LOW HITPOINT WARNING * * *
You feel extremely sick. You block the scorpion's attack.
You block Amaemon's attack.
Amaemon barely misses you. x2; The scorpion stings you.
* * * LOW HITPOINT WARNING * * *
The orange demon stings you from afar.
* * * LOW HITPOINT WARNING * * *
You are lethally poisoned!
The orange demon poisons you!
Amaemon hits you with the +8 whip "Snakebite" {venom, curare, rPois}!
* * * LOW HITPOINT WARNING * * *
You are more poisoned. x2
You have difficulty breathing.
* * * LOW HITPOINT WARNING * * *
You feel as though you will be slow longer.
Amaemon claws you but does no damage.
Amaemon tail-slaps you but does no damage.
You barely miss Amaemon. Your headbutt misses Amaemon.
Amaemon is severely wounded.
You closely miss the scorpion.
You die...

#########################.......#
.............#..................#
.............#..................#
.............#............#######
.............#.....†#####.#
.............#..........#.#
.............#..........#.#
.............#.○s6......#.#
....o........#..@§s.....#.#
##########..##.)#....#..###
#.......#.4......#
#.......#........#
#.......#........#
#.......#........#
#########.....#..########
#.................
#.................


You could see Amaemon, an orange demon and 2 scorpions.

Vanquished Creatures
  An ogre mage (D:10)
  2 trolls (D:9)
  A hornet (D:7)
  Prince Ribbit (D:6)
  Sigmund (D:2)
  2 yaks (D:10)
  4 steam dragons
  Menkaure (D:5)
  Edmund (D:4)
  A water moccasin (D:7)
  5 orc warriors
  3 black bears
  2 ogres
  5 wolves (D:9)
  4 centaurs
  A kobold brigand (D:9)
  A phantom (D:5)
  Blork the orc (D:5)
  2 bullfrogs (D:7)
  3 scorpions
  3 wights (D:6)
  10 killer bees
  2 electric eels
  16 howler monkeys
  6 hounds
  2 jellies
  8 orc priests
  2 sleepcaps
  A gnoll bouda (D:4)
  Terence (D:2)
  8 orc wizards
  An iguana (D:5)
  Natasha (twice) (D:4)
  Robin (D:2)
  3 gnolls (D:4)
  2 adders
  A shadow imp (D:7)
  2 white imps
  3 ufetubi (D:6)
  2 worms
  A dart slug (D:2)
  31 orcs
  7 endoplasms
  2 giant cockroaches
  19 goblins
  4 hobgoblins
  13 kobolds
  6 quokkas
  7 ball pythons
  10 bats
  7 frilled lizards
225 creatures vanquished.

Vanquished Creatures (others)
  An ufetubus (D:6)
  An orc (D:6)
2 creatures vanquished.

Grand Total: 227 creatures vanquished

Notes
Turn   | Place    | Note
-------+----------+-------------------------------------------
     0 | D:1      | BinkBink the Minotaur Fighter began the quest for the Orb.
     0 | D:1      | Reached XP level 1. HP: 19/19 MP: 0/0
   212 | D:1      | You fall into a shaft and drop 1 floor!
   221 | D:2      | Reached XP level 2. HP: 24/27 MP: 1/1
   297 | D:2      | Noticed Robin
   308 | D:2      | Killed Robin
   309 | D:2      | Reached XP level 3. HP: 14/33 MP: 2/2
   635 | D:2      | Noticed Sigmund
  1140 | D:2      | Reached XP level 4. HP: 40/40 MP: 3/3
  1251 | D:2      | Noticed Terence
  1262 | D:2      | Killed Terence
  1483 | D:2      | Killed Sigmund
  1484 | D:2      | Reached skill level 5 in Fighting
  1484 | D:2      | Reached skill level 5 in Armour
  1484 | D:2      | Reached skill level 5 in Shields
  1484 | D:2      | Reached XP level 5. HP: 44/48 MP: 4/4
  1918 | D:3      | Reached XP level 6. HP: 56/56 MP: 5/5
  2031 | D:3      | Found a stormy altar of Qazlal.
  2043 | D:3      | Found a blossoming altar of Fedhas.
  2045 | D:3      | Became a worshipper of Qazlal Stormbringer
  2203 | D:3      | Found a sacrificial altar of Ru.
  2499 | D:4      | Identified the "Weacuo"
  2541 | D:4      | Found a broken altar of Ashenzari.
  2560 | D:4      | Noticed Natasha
  2569 | D:4      | Killed Natasha
  2651 | D:4      | Found a snail-covered altar of Cheibriados.
  2669 | D:4      | Identified the +0 long sword "Unesypn" {speed, rN++ rCorr
                  | Str-4}
  2730 | D:4      | Reached * piety under Qazlal
  3030 | D:4      | Noticed Edmund
  3031 | D:4      | Noticed Natasha
  3036 | D:4      | Killed Natasha
  3048 | D:4      | Killed Edmund
  3049 | D:4      | Reached skill level 5 in Axes
  3049 | D:4      | Reached XP level 7. HP: 13/62 MP: 6/6
  3224 | D:4      | Found a hazy altar of Hepliaklqana.
  3540 | D:5      | Entered Level 5 of the Dungeon
  3802 | D:5      | Found a sparkling altar of Nemelex Xobeh.
  3848 | D:5      | Noticed Blork the orc
  3849 | D:5      | Noticed Menkaure
  3855 | D:5      | Killed Menkaure
  3861 | D:5      | Killed Blork the orc
  3862 | D:5      | Reached XP level 8. HP: 13/71 MP: 7/7
  4523 | D:5      | Found an ornate altar of the Wu Jian Council.
  4906 | D:6      | Noticed Prince Ribbit
  4915 | D:6      | Killed Prince Ribbit
  5222 | D:6      | Found a glowing silver altar of Zin.
  5371 | D:6      | Found a transporter.
  5371 | D:6      | Noticed Persimmon's ghost (novice DECj)
  5372 | D:6      | Found a transporter.
  5502 | D:6      | Reached XP level 9. HP: 53/81 MP: 8/8
  5512 | D:6      | Reached ** piety under Qazlal
  5818 | D:6      | Found a burning altar of Makhleb.
  5821 | D:6      | Found an opulent altar of Gozag.
  5977 | D:6      | Identified the +7 dire flail "Iwiosona" {elec, rElec rN+
                  | Int+5}
  5977 | D:6      | Identified the +6 great mace of Pistom {flame, rC+ Will+
                  | Str+2 Int+4}
  5977 | D:6      | Noticed a two-headed ogre
  6852 | D:7      | Found a white marble altar of Elyvilon.
  7019 | D:7      | Found Vocsops's Assorted Antiques.
  7031 | D:7      | Bought 2 scrolls labelled ACAXEEPH NYRONAHO for 62 gold
                  | pieces
  7031 | D:7      | Bought a scroll labelled FOMNON JYTYELO for 31 gold pieces
  7031 | D:7      | Bought a scroll labelled ECUD JAIHIENLE for 31 gold pieces
  7031 | D:7      | Bought a blue potion for 27 gold pieces
  7031 | D:7      | Bought a fuming grey potion for 27 gold pieces
  7086 | D:7      | Found a staircase to the Ecumenical Temple.
  7749 | D:8      | Found a radiant altar of Vehumet.
  8180 | D:8      | Reached XP level 10. HP: 91/91 MP: 7/9
  8400 | D:8      | Reached *** piety under Qazlal
  8573 | D:9      | Found a bloodstained altar of Trog.
  8744 | D:9      | Reached skill level 10 in Armour
  8801 | D:9      | Reached skill level 10 in Shields
  8983 | D:9      | Reached skill level 10 in Fighting
  9555 | D:9      | Found a staircase to the Lair.
  9720 | D:10     | Entered Level 10 of the Dungeon
  9871 | D:10     | Noticed Amaemon
 10013 | D:10     | Noticed an ogre mage
 10020 | D:10     | Reached skill level 10 in Axes
 10023 | D:10     | Killed an ogre mage
 10263 | D:10     | Noticed an orange demon
 10269 | D:10     | Succumbed to Amaemon's curare

Illustrated notes

Levels and vault maps discovered:
D:1:      shiori_arrival_maze, layout_loops_ring
D:2:      layout_basic, serial_park_tiny_pond, minmay_ruptured, uniq_sigmund,
          uniq_terence, uniq_robin
D:3:      layout_basic, grunt_temple_overflow_forces_of_nature,
          nicolae_ru_the_path_less_chosen, kennysheep_generic_room_7
D:4:      layout_cave_pods, mainiacjoe_overflow_alcove_2,
          mainiacjoe_overflow_tiny_flanked, mainiacjoe_overflow_six_doors_small,
          uniq_natasha, uniq_edmund
D:5:      layout_basic, nicolae_overflow_hidden_temple,
          nzn_wu_jian_council_hall, nemelex_diamond_rough_becter,
          minmay_fractal_squares_gapless_5, uniq_menkaure, uniq_blork_the_orc
D:6:      layout_basic, mainiacjoe_overflow_alcove_4, nicolae_overflow_squiral,
          gammafunk_ghost_smash, uniq_prince_ribbit1
D:7:      layout_gridville, kennysheep_little_box, minmay_temple_entry_statues,
          serial_shops, shop
D:8:      layout_basic, nicolae_overflow_crystal_walls
D:9:      layout_stronghold, trog_ov_bears_minmay, erik_lair_island
D:10:     wad_statue_garden, layout_grid_maze, lemuel_zombie_altar_yredelemnul,
          minmay_nine_imps, uniq_amaemon

Skill      XL: |  1  2  3  4  5  6  7  8  9 10 |
---------------+-------------------------------+-----
Fighting       | 4 5 6 7 9 10 | 10.7
Shields        | 4 5 6 8 9 10 | 10.7
Armour         | 4 5 6 8 9 10 | 10.7
Axes           | 3 4 5 6 7 9 10 | 10.3

Action                     |  1- 3 |  4- 6 |  7- 9 | 10-12 || total
---------------------------+-------+-------+-------+-------++-------
  Melee: War axe           |    91 |   107 |   260 |   144 ||   602
         Headbutt          |    11 |    17 |    63 |    32 ||   123
  Evoke: Wand              |       |       |       |     5 ||     5
    Use: Potion            |       |       |       |     1 ||     1
 Armour: Scale mail        |    64 |    75 |   187 |       ||   326
         Plate armour      |       |       |    12 |   132 ||   144
  Dodge: Dodged            |    39 |    45 |   104 |    49 ||   237
  Block: Buckler           |    20 |    32 |    96 |   104 ||   252

Table legend: (Time is in decaauts)
 A = Elapsed time spent in this place.
 B = Non-inter-level travel time spent in this place.
 C = Inter-level travel time spent in this place.
 D = Time resting spent in this place.
 E = Time spent auto-exploring this place.
 F = Levels seen in this place.
 G = Mean time per level.
                   A        B        C        D        E       F      G
               +--------+--------+--------+--------+--------+-----+--------+
         Total |  10402 |  10021 |    381 |   1257 |   7196 |  10 | 1040.2 |
       Dungeon |  10402 |  10021 |    381 |   1257 |   7196 |  10 | 1040.2 |
               +--------+--------+--------+--------+--------+-----+--------+

Top non-repeatable levels by time:
     D:6: 1569 daAuts
     D:9: 1411 daAuts
     D:5: 1335 daAuts
     D:7: 1203 daAuts
     D:2: 1153 daAuts
     D:4: 1060 daAuts
     D:8: 797 daAuts
     D:3: 735 daAuts
     D:1: 669 daAuts
    D:10: 466 daAuts
